 Dungeon Crawl Stone Soup version 0.28-a0-1387-g3a22ab9bdc (webtiles) character file.

Game seed: 12820198383985261554

35 Gargoyl the Skirmisher (level 3, -4/35 HPs)
             Began as a Gnoll Abyssal Knight on Jan 2, 2022.
             Was a Follower of Lugonu.
             Slain by Robin (20 damage)
             ... on level 2 of the Dungeon.
             The game lasted 00:01:34 (1092 turns).

Gargoyl the Skirmisher (Gnoll Abyssal Knight)       Turns: 1092, Time: 00:01:35

Health: -4/35      AC:  3    Str: 14    XL:     3   Next: 35%
Magic:  6/6        EV: 12    Int:  9    God:    Lugonu [*.....]
Gold:   88         SH:  0    Dex: 12    Spells: 3/3 levels left

rFire   . . .      SeeInvis .   a - +2 hand axe (vorpal)
rCold   . . .      Faith    .   (no shield)
rNeg    + . .      Spirit   .   b - +0 leather armour
rPois   .          Reflect  .   (no helmet)
rElec   .          Harm     .   (no cloak)
rCorr   .          Rampage  .   (no gloves)
Will    .....                   (no boots)
Stlth   +.........              (no amulet)
HPRegen 0.11/turn               e - ring of positive energy
MPRegen 0.10/turn               (no ring)

@: no status effects
A: fangs 1, strong nose, distributed training
a: Renounce Religion, Depart the Abyss


You were on level 2 of the Dungeon.
You worshipped Lugonu.
Lugonu was aware of your devotion.
You visited 1 branch of the dungeon, and saw 2 of its levels.
You visited the Abyss 1 time.

You collected 88 gold pieces.

Inventory:

Hand Weapons
 a - a +2 vorpal hand axe (weapon)
Armour
 b - a +0 leather armour (worn)
Jewellery
 e - a ring of positive energy (left hand)
Scrolls
 d - a scroll of teleportation


   Skills:
 + Level 6.5 Fighting
 + Level 0.7 Short Blades
 + Level 0.7 Long Blades
 + Level 4.5 Axes
 + Level 0.7 Maces & Flails
 + Level 0.7 Polearms
 + Level 0.7 Staves
 + Level 0.7 Slings
 + Level 0.7 Bows
 + Level 0.7 Crossbows
 + Level 0.7 Throwing
 + Level 4.5 Armour
 + Level 2.6 Dodging
 + Level 0.7 Stealth
 + Level 0.7 Shields
 + Level 0.7 Unarmed Combat
 + Level 0.7 Spellcasting
 + Level 0.5 Conjurations
 + Level 0.5 Hexes
 + Level 0.5 Summonings
 + Level 0.5 Necromancy
 + Level 0.5 Translocations
 + Level 0.5 Transmutations
 + Level 0.5 Fire Magic
 + Level 0.5 Ice Magic
 + Level 0.5 Air Magic
 + Level 0.5 Earth Magic
 + Level 0.5 Poison Magic
 + Level 4.5 Invocations
 + Level 0.7 Evocations


You had 3 spell levels left.
You didn't know any spells.
Your spell library contained the following spells:

 Spells                   Type           Power      Damage    Failure   Level
 Alistair's Intoxication  Tmut/Pois      0%         N/A       100%        5
 Borgnjor's Vile Clutch   Necr/Erth      0%         N/A       100%        5
 Eringya's Noxious Bog    Tmut/Pois      0%         N/A       100%        6


Dungeon Overview and Level Annotations

Branches:
Dungeon (2/15)

Altars:

Annotations:
D:2 Robin


Innate Abilities, Weirdness & Mutations

You have very sharp teeth.
Your uncanny sense of smell can sniff out nearby items.
Your experience applies equally to all skills.


Message History

A goblin and Robin come into view.
Robin is wielding a +0 whip of electrocution.
Robin shouts!
The goblin shouts!
The goblin closely misses you.
A goblin comes into view. It is wielding a +0 club.
You closely miss the goblin. The goblin barely misses you.
You slash the goblin!
You kill the goblin!
Lugonu accepts your kill.
Unknown command.
You closely miss the goblin. The goblin barely misses you.
You hit the goblin.
You kill the goblin!
Lugonu accepts your kill.
Robin roars a battlecry!
The goblins go into a battle-frenzy!
Unknown command.
You slash the goblin!
You kill the goblin!
Lugonu accepts your kill. Robin throws the goblin at you!
The goblin hits you with a +0 dagger.
A hobgoblin comes into view.
Robin hits you with a +0 whip of electrocution.
Items here: ))) ††.
Unknown command.
You slash Robin!
Robin is heavily wounded.
You closely miss the goblin. The goblin hits you with a +0 dagger.
You hit Robin but do no damage.
Robin is heavily wounded.
You completely miss the goblin. The goblin hits you with a +0 dagger.
The goblin hits you but does no damage.
Unknown command.
You barely miss Robin.
Robin is heavily wounded.
You barely miss the goblin.
Robin hits you with a +0 whip of electrocution.
You are electrocuted!!
Ouch! That really hurt!
You die...

#.#.##.# #.#....#
∆∆ #.###### ######
#.########....#
#.......?...#.# ∆
#############.#
#.............#
#.##############.#
#.........g@ggg..#
##################


You could see Robin, a hobgoblin and 2 goblins.

Vanquished Creatures
  2 dart slugs
  A giant cockroach (D:1)
  7 goblins
  4 hobgoblins (D:1)
  A quokka (D:1)
  3 ball pythons (D:1)
  4 bats
  2 kobolds (D:1)
  6 rats
30 creatures vanquished.

Notes
Turn   | Place    | Note
-------+----------+-------------------------------------------
     0 | Abyss:1  | Gargoyl the Gnoll Abyssal Knight began the quest for the
                  | Orb.
     0 | Abyss:1  | Reached XP level 1. HP: 23/23 MP: 3/3
    66 | Abyss:2  | Noticed a small abomination
    69 | D:1      | Escaped the Abyss
   200 | D:1      | Reached XP level 2. HP: 28/29 MP: 5/5
   286 | D:1      | Reached * piety under Lugonu
   763 | D:1      | Reached XP level 3. HP: 35/35 MP: 6/6
   808 | D:1      | Found a faded altar of an unknown god.
  1082 | D:2      | Noticed Robin
  1092 | D:2      | Slain by Robin

Illustrated notes

Levels and vault maps discovered:
D:1:      minmay_arrival_glassed_features, layout_loops_ring,
          shapermc_ecumenical_altar_ellora, st_stairs_12
D:2:      layout_basic, serial_shops, shop, uniq_robin

Action                   || total
-------------------------++-------
Melee: Hand axe          ||    72
       Bite              ||     5
Invok: Depart the Abyss  ||     1
  Use: Scroll            ||     5
       Potion            ||     1
Armor: Leather armour    ||    23
Dodge: Dodged            ||    55

Table legend: (Time is in decaauts)
 A = Elapsed time spent in this place.
 B = Non-inter-level travel time spent in this place.
 C = Inter-level travel time spent in this place.
 D = Time resting spent in this place.
 E = Time spent auto-exploring this place.
 F = Levels seen in this place.
 G = Mean time per level.
                   A        B        C        D        E       F      G
               +--------+--------+--------+--------+--------+-----+--------+
         Total |   1096 |   1057 |     39 |      9 |    804 |   4 |  274.0 |
       Dungeon |   1027 |    988 |     39 |      0 |    764 |   2 |  513.5 |
         Abyss |     68 |     68 |      0 |      9 |     40 |   2 |   34.0 |
               +--------+--------+--------+--------+--------+-----+--------+

Top non-repeatable levels by time:
     D:1: 948 daAuts
     D:2: 78 daAuts
 Abyss:2: 38 daAuts
 Abyss:1: 30 daAuts
